[Event "Summer Prague Open-A 2022"]
[Site "Prague"]
[Date "2022.08.09"]
[Round "6.11"]
[White "Jun, Rudolf"]
[Black "Ranaldi, Lucas"]
[Result "0-1"]
[ECO "B13"]
[WhiteElo "2134"]
[BlackElo "2339"]
[Annotator "TA"]
[PlyCount "78"]
[EventDate "2022.08.05"]
[EventType "swiss"]
[EventCountry "CZE"]
[SourceTitle "playchess.com"]
[Source "ChessBase"]
[SourceQuality "1"]
[TimeControl "40/5400+30:1800+30"]

1. e4 c6 2. d4 d5 3. exd5 cxd5 4. Bd3 Nc6 5. c3 Nf6 6. Bf4 Bg4 7. Qb3 Qd7 8. Nd2 e6 9. Ngf3 Bd6 10. Ne5 {[%emt 0:10:48] B13: Caro-Kann: Exchange Variation and Panov-Botvinnik Attack.} Qc7 11. O-O Nd7 12. Nxg4 {[%emt 0:10:33] The position is equal.} Bxf4 13. Nf3 h5 14. Ne3 {[%emt 0:03:22] [#]} O-O-O $146 ({Predecessor:} 14... g5 15. Rfe1 O-O-O 16. Nf1 g4 17. N3d2 h4 18. a4 g3 19. fxg3 hxg3 20. h3 Nf6 {0-1 (47) Mou,I (1828)-Lee,A (1967) Tornelo INT 2020}) 15. c4 (15. g3 $5 Bh6 16. Rae1 $11) 15... dxc4 16. Bxc4 Na5 17. Qc3 Kb8 ({Much less strong is} 17... Bxe3 18. fxe3 Nxc4 19. Rac1 $14) (17... g5 $5 ) 18. Be2 Qxc3 19. bxc3 Rc8 20. c4 Rhd8 21. g3 Bh6 22. Rad1 g6 23. d5 ({Better is} 23. c5 $11) 23... e5 $1 $15 24. d6 {[%emt 0:04:58] Black continues to play with concentration.} (24. Nd2 $15) 24... e4 $17 25. Nd2 Nc5 26. Nb3 (26. Nb1 $17) 26... Naxb3 27. axb3 Nxb3 28. Rd5 Rc5 29. Rfd1 (29. Rb1 {was necessary.} Rxd5 30. cxd5 Bxe3 31. Rxb3) 29... Bxe3 $19 30. fxe3 Rxd5 31. Rxd5 {[%emt 0:00:18][%mdl 4096] Endgame KRB-KRN} b6 {[%emt 0:00:17] Inhibits c5.} 32. g4 hxg4 33. Kf2 $2 {[%emt 0:00:50] [#]} (33. Bxg4 {was called for.} f5 34. Be2) 33... f5 {[%emt 0:04:27] Black is clearly winning.} 34. Kg3 Kb7 35. Kf4 Kc6 36. Ke5 Nc5 {[%emt 0:00:25] aiming for ...a5.} 37. Rd1 a5 38. Rd2 Re8+ 39. Kf6 Re6+ {[%emt 0:00:23] Weighted Error Value: White=0.45/Black=0.03 (flawless)} 0-1

[Event "Summer Prague Open-A 2022"]
[Site "Prague"]
[Date "2022.08.09"]
[Round "6.12"]
[White "Zanan, Evgeny"]
[Black "Kovalskyi, Roman"]
[Result "1-0"]
[ECO "B27"]
[WhiteElo "2521"]
[BlackElo "2056"]
[Annotator "TA"]
[PlyCount "111"]
[EventDate "2022.08.05"]
[EventType "swiss"]
[EventCountry "CZE"]
[SourceTitle "playchess.com"]
[Source "ChessBase"]
[SourceQuality "1"]
[TimeControl "40/5400+30:1800+30"]

1. e4 c5 2. Nf3 g6 3. c4 Nc6 4. d4 cxd4 5. Nxd4 Nf6 6. Nc3 d6 7. Be2 Nxd4 8. Qxd4 Bg7 9. O-O O-O 10. Qd3 {[%emt 0:00:10] B36: Sicilian: Maroczy Bind: Gurgenidze System.} a5 11. Be3 a4 12. Bd4 {[%emt 0:00:38] White is slightly better.} Bd7 13. Rad1 (13. b4 $14 {is more appropriate.}) 13... Bc6 $11 14. f4 (14. Qe3 {seems wilder.} Nd7 15. Nd5 Re8 16. g3) 14... Nd7 15. Bxg7 Kxg7 16. Kh1 {[%emt 0:01:02] [#]} Qa5 $146 ({Predecessor:} 16... Qb6 17. Rd2 Qb4 18. h4 Nc5 19. Qd4+ Kg8 20. Nd5 Bxd5 21. exd5 Ne4 22. Rd3 f5 {1-0 (54) Cuenca Jimenez,J (2498)-Medarde Santiago,L (2354) Leiria 2017}) 17. Bg4 Nc5 18. Qd4+ f6 19. Nd5 Bxd5 (19... e5 $5 20. Qe3 (20. fxe5 fxe5 21. Qe3 Bxd5 $11) 20... Bxd5 21. Rxd5 Qa6 $11) 20. exd5 b5 21. Rde1 Ra7 22. Be2 bxc4 23. Bxc4 Rb8 24. Re2 Rb4 25. a3 Rb8 26. Rfe1 Kf7 27. f5 {[%emt 0:06:26] And now Qh4 would win.} Re8 $2 (27... Qd8 $11) 28. Qh4 $1 $18 Kg7 29. Re3 Rb7 30. Rh3 $1 Rh8 31. Qh6+ (31. fxg6 h5 32. Rhe3 Qd8 $16) 31... Kf7 32. Rhe3 {[%emt 0:01:04] Dancing on a razor blade.} (32. Ree3 $1 $18 {is the precise move to win. Threatening mate with fxg6+.} g5 33. Rhg3 (33. Qh5+ Kf8 $16)) 32... Qd8 $16 {[%emt 0:01:17] [#]} 33. Rh3 (33. Bb5 $1 $16 Qf8 34. Qh4 $1 (34. fxg6+ hxg6 35. Qxf8+ Kxf8 $15)) 33... Rb8 (33... Qa5 $11 {remains equal.} 34. Re2 g5) 34. Rg3 Qg8 35. Qe3 (35. Rge3 $5 Rb7 36. Bb5 $1 $16) 35... Qf8 36. Rh3 {[%emt 0:00:34] Strongly threatening fxg6+.} Rb7 37. Qe2 $36 {[%emt 0:00:33][%mdl 2048] White is more active.} (37. Bb5 $5) 37... Kg7 38. Re3 (38. Bb5 $14) 38... Kf7 (38... Qf7 $11) 39. Bb5 Qd8 40. Bc6 Ra7 41. Qg4 Qc8 42. Rf1 Qa6 43. Rd1 ({Don't play} 43. Rfe1 $6 Nd3 44. fxg6+ hxg6 45. Rxe7+ (45. R1e2 Ne5 $15) 45... Rxe7 $11) 43... Qc8 44. Rf3 {[%emt 0:00:32] 0x0.001682002604dp-1022s more active pieces.} Kg7 45. Re1 g5 46. Rfe3 Qf8 {[%emt 0:00:28] [#]} (46... h5 $14 47. Rxe7+ Rxe7 48. Rxe7+ Kf8) 47. h4 $1 $18 h6 {[%emt 0:01:54] [#]} 48. Qe2 $1 ({Don't take} 48. Qh5 $6 Qf7 49. Qg4 Rb8 $14) 48... e5 (48... Rg8 49. Rxe7+ Rxe7 50. Qxe7+ Kh8 51. Qxf8 Rxf8) 49. dxe6 {[%emt 0:00:42] Black must now prevent e7.} Re7 50. Qd1 Qb8 51. Qh5 {[%emt 0:04:07] Hoping for Qg6+.} Rf8 52. hxg5 {[%emt 0:01:43] White mates.} fxg5 53. Qg6+ ({Weaker is} 53. Rh3 Rf6 $18) 53... Kh8 54. f6 Rg8 55. fxe7 Rxg6 56. e8=Q+ {[%emt 0:00:09] Weighted Error Value: White=0.13 (very precise) /Black=0.50} 1-0

[Event "Summer Prague Open-A 2022"]
[Site "Prague"]
[Date "2022.08.09"]
[Round "6.13"]
[White "Svatos, Jan"]
[Black "Pap, Gyula"]
[Result "1/2-1/2"]
[ECO "B15"]
[WhiteElo "2185"]
[BlackElo "2481"]
[Annotator "TA"]
[PlyCount "82"]
[EventDate "2022.08.05"]
[EventType "swiss"]
[EventCountry "CZE"]
[SourceTitle "playchess.com"]
[Source "ChessBase"]
[SourceQuality "1"]
[TimeControl "40/5400+30:1800+30"]

1. e4 c6 2. d4 d5 3. Nc3 dxe4 4. Nxe4 Nf6 5. Nxf6+ exf6 6. Nf3 Bd6 7. Bd3 O-O 8. O-O Bg4 9. h3 Bh5 {[%emt 0:04:43] B15: Caro-Kann: 3 Nc3: 3...g6 and 3...dxe4 4 Nxe4 Nf6 5 Nxf6+ exf6.} 10. Re1 {[%emt 0:00:24] 10.Bf5 deserves study.} Bc7 11. c3 Nd7 {[%emt 0:06:05] [#] The position is equal.} 12. Bf5 $146 ({Predecessor:} 12. Bf1 Nb6 13. g4 Bg6 14. Bg2 Nd5 15. Be3 f5 16. c4 Nxe3 17. fxe3 fxg4 18. hxg4 {0-1 (44) Ismayil,M (2001)-Maksimenko,V (2181) Chess.com INT 2022}) 12... Nb6 13. Qd3 Kh8 14. Re4 (14. Bxh7 Bxf3 15. gxf3 Qd6 $17) (14. b3 $14) 14... Re8 {[%emt 0:08:22] [#]} (14... Bxf3 $11 {remains equal.} 15. Qxf3 g6) 15. Rxe8+ (15. Rh4 $1 $16 g6 16. g4) 15... Qxe8 $14 16. Bd2 (16. Bxh7 $2 Bxf3 17. gxf3 g6 18. Bxg6 fxg6 $19) 16... Qf8 17. Re1 ({Avoid the trap} 17. Bxh7 $2 Bxf3 18. gxf3 Qd6 $19) 17... Qd6 18. g4 {[%emt 0:16:48] White is more active.} Bg6 19. Qe4 Bxf5 {[%emt 0:21:16] [#]} 20. Qe8+ Qf8 21. Qxf8+ Rxf8 22. gxf5 Rd8 23. b3 Kg8 24. c4 Nc8 {[%emt 0:01:22] Prevents Re7.} 25. Bb4 a5 (25... Bd6 $5 26. Bc3 b6 $11) 26. Bc5 (26. Be7 $5 Nxe7 27. Rxe7 $11) 26... Bd6 27. Bxd6 Nxd6 $15 {[%emt 0:00:07][%mdl 4096] Endgame KRN-KRN} 28. Re7 Kf8 ({Much less strong is} 28... Nxf5 29. Rxb7 Kf8 30. Ra7 $14) 29. Rc7 Rb8 {[%emt 0:00:31] White must now prevent ...Ke8.} ({Don't play} 29... Nxf5 30. Rxb7 Nxd4 31. Nxd4 Rxd4 32. Ra7 $11) (29... Ke8 $5 30. c5 Nxf5 31. Rxb7 a4 $15) 30. d5 cxd5 31. cxd5 (31. Rd7 $11 Ne4 32. Rxd5) 31... Nxf5 32. Nd2 b5 {[%emt 0:02:59] Prevents Nc4.} 33. Ne4 Rd8 34. Rc5 Nd4 35. a4 (35. Nc3 $15) 35... f5 $17 36. Nd2 {[%emt 0:00:08] [#]} bxa4 ({Black should play} 36... Ke7 $1 $17 {[%cal Re7d6] ...Kd6 is the strong threat.} 37. axb5 Kd6) 37. bxa4 $15 Ne2+ 38. Kh2 $1 Nf4 39. Rxa5 Nxd5 40. Ra7 Rc8 41. Nf3 Rc2 {[%emt 0:02:50] Weighted Error Value: White=0.19 (very precise) /Black=0.16 (very precise)} 1/2-1/2

[Event "Summer Prague Open-A 2022"]
[Site "Prague"]
[Date "2022.08.09"]
[Round "6.14"]
[White "Kaspi, Alexander"]
[Black "Kanakova, Natalie"]
[Result "1-0"]
[ECO "A36"]
[WhiteElo "2414"]
[BlackElo "2171"]
[Annotator "TA"]
[PlyCount "151"]
[EventDate "2022.08.05"]
[EventType "swiss"]
[EventCountry "CZE"]
[SourceTitle "playchess.com"]
[Source "ChessBase"]
[SourceQuality "1"]
[TimeControl "40/5400+30:1800+30"]

1. c4 c5 2. Nc3 g6 3. g3 Bg7 4. Bg2 Nc6 5. d3 e5 6. e3 Nge7 7. Nge2 O-O 8. a3 a5 9. O-O d6 10. Rb1 Rb8 11. Bd2 Be6 {[%emt 0:01:27] A36: Symmetrical English vs ...g6: 4 Bg2 Bg7.} 12. e4 {[%emt 0:00:45] Inhibits d5.} f5 13. Nd5 {[%emt 0:14:17] [#]} Bf7 $146 (13... b5 $11) ({Predecessor:} 13... b6 14. b4 axb4 15. axb4 Bxd5 16. cxd5 Nxb4 17. Bxb4 cxb4 18. Rxb4 fxe4 19. dxe4 Bh6 {½-½ (41) Roos,D (2435)-Filipovic,B (2439) Baden 2010}) 14. Bg5 $14 h6 15. Bxe7 Nxe7 16. Nxe7+ Qxe7 17. Nc3 f4 18. b4 cxb4 19. axb4 b6 20. Bh3 h5 21. Nd5 Qd8 22. Qa4 Be8 (22... fxg3 $11 23. fxg3 Kh7) 23. Qa2 Bd7 $2 (23... axb4 $14 24. Rxb4 Bf7) 24. Bxd7 $18 Qxd7 {[%emt 0:00:03] [#]} 25. f3 (25. bxa5 $6 bxa5 26. c5 (26. Qxa5 Rxb1 27. Rxb1 fxg3 $14) 26... Kh7 $16) (25. c5 $1 $18 {and the rest is easy. aiming for Nf6+.} Kh7 26. cxb6 (26. bxa5 bxa5 27. cxd6 Rxb1 $16) (26. Nxb6 Qh3 $15)) 25... fxg3 (25... Kh7 $142) 26. hxg3 Qh3 27. Qg2 {[%emt 0:00:28] Active counter play!} Qd7 28. Kh2 Kh7 29. Qh3 Qa4 30. Qg2 (30. g4 {looks sharper.} Qd7 31. Kg2 axb4 32. Rxb4 Bh6 33. gxh5 Qxh3+ 34. Kxh3 gxh5 35. Kh4) 30... Qd7 $1 31. Qa2 Qa7 32. Kg2 Ra8 33. Ra1 {[%emt 0:04:52] And now Qf2 would win.} Rfb8 (33... Qb7 $16 {is a better defense.}) 34. Qa4 ({White should play} 34. Qf2 $18) 34... Bf8 (34... Rb7 $16) 35. Qc6 Qb7 36. Qxb7+ (36. b5 $18) 36... Rxb7 $16 37. Rf2 Be7 (37... Raa7 $142) 38. Rb2 Bd8 39. Kf2 (39. bxa5 $18 {Threatens to win with a6.} Rba7 40. Nxb6) 39... Rf7 $14 40. Ke2 Kg7 41. Ke3 g5 42. f4 (42. Rg2 $14) 42... exf4+ 43. gxf4 gxf4+ 44. Kf3 Kh6 45. Rg2 Raa7 (45... Bf6 $11 46. Rh1 (46. Nxf6 Rxf6 47. Rh2 Rg6 $11) 46... axb4) 46. Rg8 $1 {[%emt 0:00:00][%mdl 1024] White has compensation.} Bh4 (46... Bf6 $14 47. Nxf6 Rxf6) 47. b5 $2 (47. Nxf4 Kh7 48. Rg2 Bf6 $11) (47. Rh1 $18 Bf6 48. Nxf6 (48. Nxf4 h4 $11) 48... Rxf6 49. Rh8+ Rh7 50. Rxh7+ Kxh7 51. bxa5 (51. Rxh5+ Rh6 $16) 51... bxa5 52. Rxh5+ Rh6 53. Rd5) 47... Rab7 (47... Bf6 $11 {keeps the balance.} 48. Nxf6 Rxf6) 48. Rh1 Bg5 (48... Bf6 $16 {was worth a try.}) 49. d4 ({Better is} 49. Rh8+ $18 Rh7 50. Rc8 (50. Rxh7+ Kxh7 51. Rxh5+ Bh6 $16)) 49... h4 (49... a4 $16 50. Rg1 Rg7 51. Rh8+ Rh7) 50. e5 (50. Rc8 $18 {and White stays clearly on top.}) 50... dxe5 $16 51. dxe5 Rg7 (51... a4 $16) 52. Rc8 Kg6 53. Ke4 {[%emt 0:00:00] Strongly threatening Rc6+.} f3 54. Rc6+ (54. Kxf3 Kf5 $14) 54... Kh5 55. Kxf3 (55. Rxb6 Rxb6 56. Nxb6 f2 $11) 55... Rgf7+ 56. Ke4 Rf2 57. e6 (57. Rxb6 $142 Rxb6 58. Nxb6) 57... Re2+ (57... a4 $142 58. Rxb6 Re2+ 59. Kd3 Rxb6 60. Kxe2 (60. Nxb6 Re3+ 61. Kd4 Rxe6 $16) 60... Rxe6+ 61. Kf3 Re8) 58. Kf5 Rf2+ (58... Rb8 {keeps fighting.} 59. e7 a4) 59. Ke5 $18 Be7 $2 (59... Re2+ $2 60. Kd4 $18) (59... a4 60. Rxb6 Re2+ 61. Kf5 Rf2+ 62. Ke4 Re2+ 63. Kd3 Rxb6 64. Kxe2 (64. Nxb6 Re3+ 65. Kd4 Rxe6 $16) 64... Rxe6+ 65. Kf3 Re8) 60. Nxe7 Rxe7 61. Rxb6 {[%emt 0:00:00][%mdl 4096] Endgame KRR-KRR} Re2+ 62. Kf6 Rh7 (62... Re8 $142 63. c5 Rf2+ 64. Ke5 Re2+ 65. Kd5 Rd2+ 66. Ke5 Re2+ 67. Kd4 Rd2+ 68. Kc3 Red8) 63. Rd6 Kg4 64. b6 h3 65. Rd4+ Kg3 66. Rd3+ ({Less strong is} 66. Rd7 Rh6+ 67. Kf5 Rexe6 $16) 66... Kg2 {[%emt 0:00:07] [#]} 67. Rdxh3 $3 {[%emt 0:00:23][%mdl 512] White mates.} Rxh3 (67... Rf2+ 68. Kg6) 68. Rxh3 Kxh3 {[%emt 0:00:03] KR-K3P} 69. e7 Rf2+ 70. Ke6 a4 71. b7 ({Weaker is} 71. e8=Q Re2+ 72. Kf7 Rxe8 73. Kxe8 a3 $18) 71... a3 72. b8=Q a2 73. Qh8+ Kg2 74. e8=Q Re2+ 75. Kd7 Rxe8 76. Kxe8 {[%emt 0:00:06] Weighted Error Value: White=0.43/Black=0.43} 1-0

[Event "Summer Prague Open-A 2022"]
[Site "Prague"]
[Date "2022.08.09"]
[Round "6.15"]
[White "Matras, Ondrej"]
[Black "Weishaeutel, Moritz"]
[Result "0-1"]
[ECO "D44"]
[WhiteElo "2229"]
[BlackElo "2400"]
[Annotator "RC"]
[PlyCount "64"]
[EventDate "2022.08.05"]
[EventType "swiss"]
[EventCountry "CZE"]
[SourceTitle "playchess.com"]
[Source "ChessBase"]
[SourceQuality "1"]
[TimeControl "40/5400+30:1800+30"]

1. d4 d5 2. c4 c6 3. Nf3 Nf6 4. Nc3 e6 5. Bg5 dxc4 6. e4 b5 7. e5 h6 8. Bh4 g5 9. Nxg5 hxg5 10. Bxg5 Nbd7 11. exf6 Bb7 12. g3 Qb6 13. Bg2 O-O-O 14. O-O c5 15. d5 b4 16. Na4 Qa6 17. b3 c3 18. a3 Bxd5 19. axb4 Bxg2 20. Kxg2 Ne5 21. Qe1 Rxh2+ 22. Kxh2 Nf3+ 23. Kg2 Nxe1+ 24. Rfxe1 Qc6+ 25. f3 cxb4 26. Re4 Qd5 27. Rc4+ Kb7 28. Be3 Rc8 29. Rd4 Qxb3 30. Rd7+ Rc7 31. Rd8 c2 32. Kf2 Qb1 0-1

[Event "Summer Prague Open-A 2022"]
[Site "Prague"]
[Date "2022.08.09"]
[Round "6.16"]
[White "Seitz, Patrick"]
[Black "Meissner, Felix"]
[Result "0-1"]
[ECO "B90"]
[WhiteElo "2170"]
[BlackElo "2381"]
[Annotator "TA"]
[PlyCount "46"]
[EventDate "2022.08.05"]
[EventType "swiss"]
[EventCountry "CZE"]
[SourceTitle "playchess.com"]
[Source "ChessBase"]
[SourceQuality "1"]
[TimeControl "40/5400+30:1800+30"]

1. e4 c5 2. Nf3 d6 3. d4 cxd4 4. Nxd4 Nf6 5. Nc3 a6 6. Rg1 b5 7. g4 {[%emt 0:03:05] B90: Sicilian Najdorf: Unusual White 6th moves, 6 Be3 Ng4 and 6 Be3 e5.} Bb7 8. Bg2 e6 (8... e5 $5 9. Nf5 h6 $11) 9. g5 {[%emt 0:02:40] The position is equal.} Nfd7 10. h4 b4 11. Nce2 Nc5 12. Ng3 {[%emt 0:02:58] [#]} Nbd7 $146 ({Predecessor:} 12... d5 13. exd5 Bxd5 14. Be3 Bxg2 15. Rxg2 Qd5 16. Rg1 Nc6 17. Nxc6 Qxc6 18. Qe2 Rd8 {½-½ (55) Beerdsen,T (2260)-Jacobs,F (2132) Amsterdam 2014}) 13. h5 Be7 14. f4 h6 $1 15. g6 O-O {[%emt 0:18:13] Threatens to win with ...Bh4.} 16. gxf7+ (16. Qg4 $15) 16... Rxf7 $17 {[%emt 0:00:12] Hoping for ...Bh4.} 17. Be3 Qa5 $1 18. Nb3 Qc7 {[%emt 0:03:32] Black is more active.} 19. Nxc5 Nxc5 20. Qg4 Bf6 (20... Qa5 $17 21. f5 b3+ 22. c3 Bf6) 21. O-O-O $2 {[%emt 0:03:25][%mdl 8192] [#]} ({White has to play} 21. e5 $1 $15 dxe5 22. Bxb7 Qxb7 23. f5 (23. Bxc5 exf4 24. O-O-O Rc8 $17)) 21... Rc8 $1 $19 {[%emt 0:01:58][%cal Oc5b3] ( -> ...Nb3+!)} 22. Qe2 Qa5 $2 (22... Na4 23. Rd4 {[#]} Nxb2 $1 24. Kxb2 Qc3+ 25. Kb1 Bxd4 26. Bxd4 Qxd4) 23. e5 $2 (23. Kb1 Bxb2 24. Bxc5 Rxc5 25. Kxb2) 23... b3 {[%emt 0:01:22] Weighted Error Value: White=0.60/Black=0.16 (very precise)} 0-1

[Event "Summer Prague Open-A 2022"]
[Site "Prague"]
[Date "2022.08.09"]
[Round "6.17"]
[White "Krivanek, Vladimir"]
[Black "Hrabusa, Matej"]
[Result "0-1"]
[ECO "B20"]
[WhiteElo "2152"]
[BlackElo "2354"]
[Annotator "TA"]
[PlyCount "70"]
[EventDate "2022.08.05"]
[EventType "swiss"]
[EventCountry "CZE"]
[SourceTitle "playchess.com"]
[Source "ChessBase"]
[SourceQuality "1"]
[TimeControl "40/5400+30:1800+30"]

1. e4 c5 2. a3 g6 3. Bc4 Nc6 4. Nc3 Bg7 5. d3 e6 6. Ba2 {[%emt 0:00:58] B20: Sicilian: Unusual White 2nd moves.} Nge7 7. h4 h6 8. h5 $1 {[%emt 0:06:30] The position is equal.} g5 9. f4 $1 gxf4 10. Bxf4 d5 {[%emt 0:04:29] [#]} 11. Qd2 $146 ({Predecessor:} 11. Nf3 e5 12. Bg3 Be6 13. Bh4 Qd7 14. O-O Rg8 15. Qd2 f5 16. exd5 Nxd5 17. Rae1 Nxc3 18. Bxe6 Qxe6 19. Qxc3 {1-0 (50) Cornette,M (2558)-Priasmoro,N (2502) Chess.com INT 2021}) 11... d4 12. Na4 (12. Nce2 $11 {remains equal.}) 12... e5 $1 $17 13. Bg3 (13. Nxc5 $2 exf4 14. Qxf4 O-O $19) 13... Qd6 {[%emt 0:02:09] ...b5 is the strong threat.} 14. b4 cxb4 15. Nb2 (15. axb4 $17 b5 16. Nb6 (16. Nc5 $2 a5 $19) 16... axb6 17. Bxf7+ Kxf7 18. Rxa8) 15... bxa3 $19 16. Nc4 Qc5 17. Nxa3 f5 (17... O-O $19 {aiming for ...Kh7.} 18. Nf3 b5) 18. Ne2 Bf6 (18... Qxa3 19. Bf7+ $1 Kxf7 20. Rxa3 $18) (18... f4 19. Bf2 $17) 19. O-O Bg5 (19... Qxa3 20. Bf7+ $1 Kxf7 21. Rxa3 $18) 20. Qd1 Bd7 (20... f4 $142 21. Bf2 f3 22. gxf3 Bh3) 21. Qb1 {[%emt 0:06:15] [#]} O-O-O $1 {[%emt 0:03:14] Hoping for ...f4.} (21... Be3+ 22. Kh1 $17) 22. Qb2 fxe4 23. Rfb1 ({Don't blunder} 23. Rf7 $2 Rdf8 24. Bh2 (24. Rg7 $2 b6 $19) (24. Raf1 $2 Rxf7 25. Rxf7 Nd8 $19) 24... Rxf7 25. Bxf7 Rf8 $19) (23. dxe4 $17 {might work better.} Rhf8 24. Rfb1) 23... b6 24. Bc4 Rdf8 25. Nb5 (25. Qb5 $142) 25... a5 {[%emt 0:02:30] Strongly threatening ...exd3.} 26. Nd6+ Qxd6 27. Qxb6 Qc7 28. Qa6+ Kd8 29. Qa8+ (29. dxe4 $142 Bc8 30. Qb5) 29... Bc8 30. Rb5 Be3+ 31. Kh2 Rf5 32. Bh4 Rxh5 33. g3 {[%emt 0:00:19] [#]} Rxh4+ $1 {[%emt 0:01:59] Black mates.} 34. gxh4 Qd7 35. Raxa5 Qh3# {Weighted Error Value: White=0.69/Black=0.09 (flawless)} 0-1

[Event "Summer Prague Open-A 2022"]
[Site "Prague"]
[Date "2022.08.09"]
[Round "6.18"]
[White "Guz, Ari"]
[Black "Soural, Jan"]
[Result "1-0"]
[ECO "A45"]
[WhiteElo "2331"]
[BlackElo "2119"]
[Annotator "TA"]
[PlyCount "89"]
[EventDate "2022.08.05"]
[EventType "swiss"]
[EventCountry "CZE"]
[SourceTitle "playchess.com"]
[Source "ChessBase"]
[SourceQuality "1"]
[TimeControl "40/5400+30:1800+30"]

1. d4 Nf6 2. Nc3 d5 3. Bf4 e6 4. Nb5 Na6 5. e3 c6 6. Nc3 {[%emt 0:00:07][%cal Bb5c3,Bc3e2,Be2d4][%mdl 32] D00: 1 d4 d5: Unusual lines.} Bd6 7. Nf3 Bxf4 8. exf4 {[%emt 0:00:03] The position is equal.} Qa5 {[%emt 0:04:20] [#]} 9. Qd2 $146 ({Predecessor:} 9. Bd3 c5 10. O-O O-O 11. a3 cxd4 12. Nb5 Qb6 13. b4 Bd7 14. Nbxd4 Rac8 15. Re1 {1-0 (40) Alekseenko,K (2575)-Miezis,N (2430) Riga 2017}) 9... b5 {[%emt 0:05:46] [#]} (9... O-O $11 {keeps the balance.}) 10. Bd3 (10. Ne4 $1 $16 Qxd2+ 11. Nexd2) 10... b4 $11 11. Ne2 c5 12. dxc5 {[%emt 0:02:07] aiming for c6.} Nxc5 13. O-O (13. a3 $14) 13... Nxd3 14. cxd3 O-O 15. a3 Rb8 16. Ned4 {[%emt 0:00:53] Hoping for Nc6.} Bd7 {[%emt 0:02:42] Prevents Nc6.} 17. b3 Rfc8 18. axb4 Qxb4 19. Qxb4 ({Much weaker is} 19. Rxa7 Qxd2 20. Nxd2 Rc3 $11) 19... Rxb4 20. Rxa7 h6 21. g4 g5 22. fxg5 hxg5 23. h3 Be8 24. Re1 Nd7 25. Kg2 {[%emt 0:02:49] White is more active.} Rc3 (25... Nf8 $14) 26. Nxe6 fxe6 $14 27. Rxe6 Kf8 28. Nxg5 Rxd3 29. f3 Rbxb3 30. h4 Re3 31. Rd6 {[%emt 0:00:48][%csl LRd5,LRd7][%mdl 1024] White has compensation.} Ne5 32. Rf6+ (32. h5 $14 Kg8 33. Ra8 Nxg4 34. Kg3 (34. fxg4 Rb2+ 35. Kf1 d4 $11)) 32... Kg8 $11 33. Ne6 $2 (33. h5 $11 {and White stays safe.} Nxg4 34. fxg4 Rb2+ 35. Rf2) 33... Bf7 $2 (33... Nd7 $19 34. Rxd7 Bxd7) 34. Ra8+ $16 Kh7 {[%emt 0:00:01] [#] ...Re2+ is the strong threat.} 35. Ng5+ $1 Kg7 {[%emt 0:00:01] [#]} 36. Rxf7+ Nxf7 37. Ra7 d4 $2 38. Rxf7+ $18 {[%emt 0:00:06][%mdl 4096] Endgame KRR-KRN} Kg8 39. Rd7 d3 40. h5 {[%emt 0:00:56] Black must now prevent h6.} Re2+ (40... Rb6 {was called for.} 41. Ne4 d2 42. Nxd2 Ra6 43. Rd8+ Kf7) 41. Kg3 {[%emt 0:30:07] Intending h6 and mate.} Rb5 42. Ne4 Rb3 43. h6 (43. Nf6+ $142 Kf8 44. h6 d2 45. h7 Rxf3+ 46. Kxf3 Rh2 47. Nh5 d1=Q+ 48. Rxd1) 43... Kh8 44. Nf6 Rb8 45. Rh7# {[%emt 0:00:00] Weighted Error Value: White=0.27 (precise) /Black=0.74} 1-0

[Event "Summer Prague Open-A 2022"]
[Site "Prague"]
[Date "2022.08.09"]
[Round "6.19"]
[White "Santagati, Alessandro"]
[Black "Saypuri Srithan"]
[Result "1-0"]
[ECO "C42"]
[WhiteElo "2299"]
[BlackElo "1923"]
[Annotator "TA"]
[PlyCount "75"]
[EventDate "2022.08.05"]
[EventType "swiss"]
[EventCountry "CZE"]
[SourceTitle "playchess.com"]
[Source "ChessBase"]
[SourceQuality "1"]
[TimeControl "40/5400+30:1800+30"]

1. e4 e5 2. Nf3 Nf6 3. Nxe5 d6 4. Nf3 Nxe4 5. Nc3 Nxc3 6. dxc3 Be7 7. Be3 Nc6 8. Qd2 Be6 {[%emt 0:00:03] 8...Bf5 is more advanced technology.} 9. O-O-O {[%emt 0:00:10] C42: Petroff Defence: 3 Nxe5 and unusual White 3rd moves.} Qd7 (9... Bxa2 $2 10. b3 $18) 10. Kb1 a6 11. h4 {[%emt 0:00:08] White is slightly better.} Bf6 12. Ng5 Bxg5 13. hxg5 O-O-O 14. Be2 {[%emt 0:09:40] [#]} Rde8 $146 ({Predecessor:} 14... Kb8 15. Rh4 Bf5 16. Rdh1 Rhe8 17. Bd3 Bg6 18. Bxg6 hxg6 19. Rh7 Rg8 20. b3 d5 {½-½ (30) Smirnov,T (2354)-Timofeev,A (2595) Sochi 2019}) 15. Rh4 f6 16. gxf6 gxf6 17. Rdh1 Ne5 18. b3 Bf5 19. Qd5 c5 ({Black should play} 19... Rhg8 $14) 20. Rd1 $16 Rd8 21. Ra4 Be6 22. Qe4 {[%emt 0:00:24] [#] And now Bxc5 would win.} f5 23. Qf4 {[%emt 0:01:59] aiming for Bxc5.} Qc6 24. Qh6 Bd5 (24... Bf7 $142) 25. f3 ({Better is} 25. Rf4) 25... Ng6 26. Qg5 Be6 27. Qf6 Rhe8 28. Bd3 {[%emt 0:01:24] White is more active.} Rd7 29. Bf2 Rf7 30. Qg5 b5 31. Ra5 c4 (31... Ne5 $16) 32. bxc4 $18 Ne5 33. cxb5 axb5 (33... Rb7 $142 34. Qf4 (34. Bxf5 Rxb5+ 35. Rxb5 Qxb5+ 36. Kc1 Nc4 $16) 34... Nxd3 35. Rxd3 Rxb5+ 36. Rxb5 Qxb5+ 37. Kc1 Rd8) 34. Bxb5 {[%emt 0:02:28] Dancing on a razor blade. A strong pair of Bishops.} Rb7 35. a4 ({Avoid the trap} 35. Ra8+ $2 Kc7 36. Rxe8 (36. Qg7+ $2 Bd7 $19) 36... Qxb5+ 37. Kc1 Qxe8 $19) 35... Ree7 $2 {[%emt 0:00:53] [#]} (35... Qxc3 36. Ra8+ Rb8 37. Rxb8+ Kxb8) 36. Qxe7 Rxe7 37. Bxc6 Nxc6 38. Ra6 {[%emt 0:00:39] Weighted Error Value: White=0.21 (precise) /Black=0.16 (very precise)} 1-0

[Event "Summer Prague Open-A 2022"]
[Site "Prague"]
[Date "2022.08.09"]
[Round "6.20"]
[White "Hajiyev, Kanan"]
[Black "Parligras, Cosmin"]
[Result "1/2-1/2"]
[ECO "D19"]
[WhiteElo "2142"]
[BlackElo "2277"]
[Annotator "RC"]
[PlyCount "22"]
[EventDate "2022.08.05"]
[EventType "swiss"]
[EventCountry "CZE"]
[SourceTitle "playchess.com"]
[Source "ChessBase"]
[SourceQuality "1"]
[TimeControl "40/5400+30:1800+30"]

1. d4 d5 2. c4 c6 3. Nf3 Nf6 4. Nc3 dxc4 5. a4 Bf5 6. e3 e6 7. Bxc4 Bb4 8. O-O O-O 9. Qe2 Bg6 10. Ne5 Nbd7 11. Nxg6 hxg6 1/2-1/2